 Dungeon Crawl Stone Soup version 0.30.0-15-g856e2d3f33 (webtiles) character file.

Game seed: 14862018422167673183

8278 SnakkuSnakku7 the Grappler (level 11, -41/86 HPs)
             Began as a Ghoul Hexslinger on May 20, 2023.
             Was an Elder of Uskayaw.
             Annihilated by a spectral juggernaut (43 damage)
             ... called from beyond by a ghost crab
             ... on level 2 of the Abyss.
             The game lasted 00:18:11 (10730 turns).

SnakkuSnakku7 the Grappler (Ghoul Hexslinger)      Turns: 10730, Time: 00:18:12

Health: -41/86     AC: 12    Str: 22    XL:     11   Next: 28%
Magic:  11/11      EV:  6    Int:  8    God:    Uskayaw [****..]
Gold:   120        SH: 10    Dex:  9    Spells: 11/12 levels left

rFire   + .          .
                       - Unarmed
rCold   + . .        o - +0 kite shield
rNeg    + + +        r - +0 scale mail
rPois   ∞            (no helmet)
rElec   .            i - +2 cloak
rCorr   .            A - +2 pair of gloves {Str+3}
SInv    .            (no boots)
Will    .....        (no amulet) Stlth
                     s - ring of protection from fire
HPRegen 0.00/turn    c - +4 ring of slaying
MPRegen 0.12/turn

%: no passive effects
@: inhibited regen, constricted
A: claws 1, cold resistance 1, negative energy resistance 3, inhibited
regeneration, torment resistance 2, devour on kill
a: Renounce Religion, Stomp, Line Pass


You were on level 2 of the Abyss.
You worshipped Uskayaw.
Uskayaw was noncommittal.
You visited 2 branches of the dungeon, and saw 10 of its levels.
You visited the Abyss 1 time.
You also visited: Bailey.

You collected 490 gold pieces.
You spent 370 gold pieces at shops.

Inventory:

Missiles
 q - a throwing net (quivered)
Armour
 i - a +2 cloak (worn)
 o - a +0 kite shield (worn)
 p - a scarf of resistance
 r - a +0 scale mail (worn)
 A - a +2 pair of gloves of strength (worn)
Jewellery
 c - a +4 ring of slaying (right hand)
 s - a ring of protection from fire (left hand)
Wands
 u - a wand of roots (4)
 w - a wand of flame (4)
Scrolls
 a - 2 scrolls of identify
 b - 2 scrolls of poison
 g - a scroll of immolation
 l - 8 scrolls of teleportation
 m - 3 scrolls of fear
 C - a scroll of torment
Potions
 d - 2 potions of resistance
 e - a potion of magic
 h - a potion of curing
 j - 2 potions of heal wounds
 t - a potion of brilliance
 x - 6 potions of flight
 B - a potion of ambrosia
Miscellaneous
 f - a phantom mirror


   Skills:
 - Level 5.0 Fighting
 - Level 1.7 Ranged Weapons
 - Level 1.7 Dodging
 - Level 10.0 Shields
 + Level 13.5 Unarmed Combat
 - Level 1.0 Spellcasting
 - Level 2.4 Hexes


You had 11 spell levels left.
You knew the following spells:

 Your Spells              Type           Power      Damage    Failure   Level
a - Slow                  Hex            16%        N/A       61%         1

Your spell library contained the following spells:

 Spells                   Type           Power      Damage    Failure   Level
 Ensorcelled Hibernation  Hex/Ice        4%         N/A       88%         2
 Apportation              Tloc           0%         N/A       90%         1
 Magic Dart               Conj           0%         1d3       90%         1
 Necrotise                Necr           0%         1d4       90%         1
 Sandblast                Erth           0%         2d4       90%         1
 Summon Small Mammal      Summ           0%         N/A       90%         1
 Blink                    Tloc           0%         N/A       97%         2
 Cigotuvi's Dreadful Rot  Necr/Pois/Air  0%         N/A       97%         2
 Lesser Beckoning         Tloc           0%         N/A       97%         2
 Momentum Strike          Conj/Tloc      0%         3d8       97%         2
 Passwall                 Tmut/Erth      0%         N/A       97%         2
 Searing Ray              Conj           0%         2d4       97%         2
 Inner Flame              Hex/Fire       2%         N/A       98%         3
 Portal Projectile        Hex/Tloc       4%         N/A       98%         3
 Stone Arrow              Conj/Erth      0%         3d7       99%         3
 Anguish                  Hex/Necr       1%         N/A       100%        4
 Cause Fear               Hex            2%         N/A       100%        4
 Dispel Undead            Necr           0%         3d6       100%        4
 Fulminant Prism          Conj/Hex       1%         3d5       100%        4
 Alistair's Intoxication  Tmut/Pois      0%         N/A       100%        5
 Fireball                 Conj/Fire      0%         3d3       100%        5
 Iskenderun's Battlesphe  Conj           0%         2d6       100%        5
 Conjure Ball Lightning   Conj/Air       0%         3x3d6     100%        6
 Death Channel            Necr           0%         N/A       100%        6
 Malign Gateway           Summ/Tloc      0%         N/A       100%        7
 Orb of Destruction       Conj           0%         9d5       100%        7
 Summon Horrible Things   Summ           0%         N/A       100%        8
 Spider Form              Tmut/Pois      Unusable   N/A       N/A         3

Dungeon Overview and Level Annotations

Branches:
Dungeon (9/15)             Temple (1/1) D:7            Lair (0/5) D:9
 Bailey (visited)
    Orc: D:9-12

Altars:
Cheibriados
Dithmenos
Fedhas
Hepliaklqana
Nemelex Xobeh
Okawaru
Qazlal
Ru
Sif Muna
Trog
Uskayaw
Vehumet
Wu Jian
Xom

Shops:
D:1 *

Annotations:
D:4 Edmund
D:9 Erolcha


Innate Abilities, Weirdness & Mutations

You are immune to poison.
You have sharp fingernails.
Your flesh is cold resistant. (rC+)
You are immune to negative energy. (rN+++)
You do not regenerate when monsters are visible.
You are immune to unholy pain and torment.
You thrive by killing the living.


Message History

You pummel the spectral centaur warrior!!
The spectral centaur warrior is moderately damaged.
Uskayaw will force your foes to share their pain.
Uskayaw links your audience in an emotional bond!
You hit the spectral centaur warrior.
The spectral centaur warrior is moderately damaged.
You block the spectral centaur warrior's attack.
The spectral centaur warrior barely misses you.
A spatial vortex comes into view.
Unknown command.
You punch the spectral anaconda!
The spectral anaconda is lightly damaged.
The spectral juggernaut is no longer sharing its pain.
The spectral centaur warrior is no longer sharing its pain.
The spectral spriggan defender is no longer sharing its pain.
The spectral anaconda grabs you. The spectral anaconda bites you!
The spectral anaconda constricts you.
The spectral spriggan defender hits you!!
* * * LOW HITPOINT WARNING * * *
The spectral centaur warrior hits you but does no damage.
The spectral centaur warrior kicks you.
* * * LOW HITPOINT WARNING * * *
Found a corrupted altar of Lugonu.
Okay, then.
The spectral anaconda's grasp on you weakens, but your attempt to escape fails.
The ghost crab is no longer sharing its pain.
The spectral anaconda completely misses you.
The spectral anaconda constricts you.
The spectral spriggan defender hits you.
* * * LOW HITPOINT WARNING * * *
The spatial maelstrom hits you but does no damage. x2
You block the spectral centaur warrior's attack.
The spectral centaur warrior kicks you.
* * * LOW HITPOINT WARNING * * *
You block the spectral anaconda's attack.
The spectral anaconda constricts you.
* * * LOW HITPOINT WARNING * * *
The spectral juggernaut hits you!!!
Ouch! That really hurt!
You die...

... .~. ##.....#
#..P ........ #
v...⌠
........#v#..# .
.....#..#°..#.
......#..t.##.
.....°.ZZv#..##
......°#@#.#..# #..
#....☼ZZ# .# #..§
......○○.○.....#
.......#.....##...#
.......##.v.## h.
.......#.....##. .
..#..............
..#...#.......#. .
.... .#..... . ..


You could see a spatial maelstrom, a ghost crab, 3 spatial vortices, a spectral
anaconda (summoned), a spectral spriggan defender (summoned), a spectral centaur
warrior (summoned) and a spectral juggernaut (summoned).

Vanquished Creatures
  2 two-headed ogres (D:8)
  Pikel (D:6)
  The ghost of SprigganGuy the Trooper, a novice DjCj of Ashenzari (D:4)
  Grinder (D:6)
  A hornet (D:8)
  A raiju (Abyss:2)
  Sigmund (D:3)
  5 yaks (D:9)
  A wraith (D:9)
  A water moccasin (D:7)
  2 sky beasts
  3 ice beasts
  2 black bears
  4 ogres
  9 orc warriors
  2 centaurs
  A gnoll sergeant (D:5)
  A kobold brigand (D:8)
  2 scorpions
  2 bullfrogs
  11 wights (D:8)
  4 howler monkeys
  3 electric eels (D:6)
  2 jellies (D:8)
  5 orc priests
  2 hounds (D:5)
  2 gnoll boudas (D:5)
  An iguana (D:6)
  A sleepcap (D:6)
  6 orc wizards
  Ijyb (D:3)
  30 gnolls
  8 adders
  3 shadow imps (D:4)
  3 white imps
  An ufetubus (D:5)
  2 worms
  13 dart slugs
  51 orcs
  5 bats
  5 endoplasms
  A giant cockroach (D:1)
  13 goblins
  11 hobgoblins
  22 jackals
  4 quokkas
  8 ball pythons
  3 frilled lizards
  22 kobolds
  6 rats
292 creatures vanquished.

Vanquished Creatures (others)
  A raiju (Abyss:2)
1 creature vanquished.

Grand Total: 293 creatures vanquished

Notes
Turn   | Place    | Note
-------+----------+-------------------------------------------
     0 | D:1      | SnakkuSnakku7 the Ghoul Hexslinger began the quest for the
                  | Orb.
     0 | D:1      | Reached XP level 1. HP: 16/16 MP: 1/1
    69 | D:1      | Reached skill level 1 in Unarmed Combat
    82 | D:1      | Reached XP level 2. HP: 24/24 MP: 2/2
   346 | D:1      | Found Foacoyh's General Store.
   352 | D:1      | Bought a scroll of identify for 26 gold pieces
   420 | D:1      | Reached XP level 3. HP: 23/29 MP: 3/3
   760 | D:2      | Reached skill level 2 in Unarmed Combat
  1311 | D:2      | Reached XP level 4. HP: 37/37 MP: 4/4
  1401 | D:2      | Reached skill level 3 in Unarmed Combat
  1588 | D:2      | Reached XP level 5. HP: 31/45 MP: 5/5
  1819 | D:1      | Bought a potion of heal wounds for 65 gold pieces
  1909 | D:3      | Noticed Ijyb
  1945 | D:4      | Found a transporter.
  1985 | D:4      | Found a transporter.
  2342 | D:4      | Noticed Edmund
  2586 | D:4      | Found a runed translucent door.
  2590 | D:4      | Noticed SprigganGuy's ghost (novice DjCj)
  2769 | D:3      | Killed Ijyb
  2905 | D:3      | Reached skill level 4 in Unarmed Combat
  3091 | D:3      | Found a faded altar of an unknown god.
  3092 | D:3      | Noticed an eye of devastation
  3094 | D:3      | Noticed an eye of devastation
  3094 | D:3      | Noticed a floating eye
  3094 | D:3      | Noticed a floating eye
  3100 | D:3      | Reached XP level 6. HP: 45/53 MP: 6/6
  3134 | D:3      | Noticed Sigmund
  3198 | D:3      | Killed Sigmund
  3199 | D:3      | Reached skill level 5 in Fighting
  3199 | D:3      | Reached skill level 5 in Unarmed Combat
  3494 | D:3      | Found a bloodstained altar of Trog.
  3494 | D:3      | Found a shadowy altar of Dithmenos.
  3667 | D:5      | Entered Level 5 of the Dungeon
  3680 | D:5      | Reached skill level 6 in Unarmed Combat
  3680 | D:5      | Reached XP level 7. HP: 24/61 MP: 7/7
  4115 | D:5      | Reached skill level 1 in Shields
  4356 | D:5      | Reached skill level 7 in Unarmed Combat
  4396 | D:5      | Reached XP level 8. HP: 41/68 MP: 8/8
  5205 | D:5      | Reached skill level 8 in Unarmed Combat
  5474 | D:6      | Noticed Grinder
  5478 | D:6      | Paralysed by Grinder for 5 turns
  6193 | D:6      | Reached skill level 5 in Shields
  6290 | D:6      | Reached skill level 9 in Unarmed Combat
  6290 | D:6      | Reached XP level 9. HP: 69/74 MP: 9/9
  6322 | D:6      | Killed Grinder
  6469 | D:6      | Noticed Pikel
  6488 | D:6      | Killed Pikel
  6489 | D:6      | Reached skill level 10 in Unarmed Combat
  6655 | D:6      | Found a radiant altar of Vehumet.
  6875 | D:6      | Found an iron altar of Okawaru.
  6883 | D:6      | Identified the +2 pair of gloves "Jocopn" {rF+++ Str-5
                  | Dex-5 SInv}
  7345 | D:7      | Found a staircase to the Ecumenical Temple.
  7360 | Temple   | Entered the Ecumenical Temple
  7423 | Temple   | Became a worshipper of Uskayaw the Reveller
  7582 | D:1      | Bought a +2 pair of gloves of strength for 279 gold pieces
  7668 | D:4      | Reached * piety under Uskayaw
  7671 | D:4      | Reached ** piety under Uskayaw
  7673 | D:4      | Reached *** piety under Uskayaw
  7675 | D:4      | Killed SprigganGuy's ghost
  7676 | D:4      | Reached skill level 11 in Unarmed Combat
  7676 | D:4      | Reached XP level 10. HP: 81/81 MP: 10/10
  8116 | D:7      | Found a sacrificial altar of Ru.
  8570 | D:8      | Noticed a two-headed ogre
  8580 | D:8      | Killed a two-headed ogre
  8589 | D:8      | Noticed a two-headed ogre
  8627 | D:8      | Reached **** piety under Uskayaw
  8847 | D:8      | Killed a two-headed ogre
  8848 | D:8      | Reached skill level 12 in Unarmed Combat
  8917 | D:8      | Found a flagged portal.
  9027 | Bailey   | Entered a bailey
  9103 | Bailey   | Reached ***** piety under Uskayaw
  9652 | D:8      | Found a shimmering altar of Xom.
  9685 | D:8      | Reached XP level 11. HP: 43/86 MP: 11/11
 10114 | D:8      | Found a blossoming altar of Fedhas.
 10484 | D:9      | Found a hazy altar of Hepliaklqana.
 10578 | D:9      | Reached skill level 13 in Unarmed Combat
 10585 | D:9      | Found a staircase to the Lair.
 10650 | D:9      | Found a sparkling altar of Nemelex Xobeh.
 10662 | D:9      | Reached skill level 10 in Shields
 10702 | D:9      | Noticed Erolcha
 10702 | Abyss:2  | Cast into level 2 of the Abyss (Erolcha)
 10724 | Abyss:2  | Noticed a ghost crab
 10725 | Abyss:2  | Noticed a spectral juggernaut
 10726 | Abyss:2  | Noticed a spatial maelstrom
 10727 | Abyss:2  | Noticed a spectral spriggan defender
 10728 | Abyss:2  | Noticed a spectral anaconda
 10729 | Abyss:2  | Found a corrupted altar of Lugonu.
 10730 | Abyss:2  | HP: 4/86 [spectral centaur warrior[a ghost crab] (3)]
 10730 | Abyss:2  | Annihilated by a spectral juggernaut

Illustrated notes

Levels and vault maps discovered:
D:1:      lightli_arrival_boilingwater, layout_basic, serial_shops,
          nicolae_shop_tiny_real_fake_doors
D:2:      layout_basic
D:3:      layout_loops_ring, gammafunk_temple_overflow_wave,
          hellmonk_ecumenical_altar_watching_god, minmay_unequal, uniq_sigmund,
          uniq_ijyb
D:4:      gammafunk_wand_slinger, layout_loops_ring,
          ebering_ghost_reflecting_pool, uniq_edmund
D:5:      lemuel_castle_with_subvaults [lemuel_castle_interior_carwin_1],
          layout_cave_pools
D:6:      kennysheep_slugbush, layout_cave_pools, kennysheep_okawaru_gauntlet,
          vehumet_altar_wand_db, uniq_pikel, uniq_grinder
D:7:      layout_basic, mainiacjoe_overflow_surrounded_room,
          minmay_temple_entry_offerings, roderic_lattice_a
D:8:      layout_layer_cave, nicolae_overflow_crystal_walls, dk_xom_monty_hall,
          mainiacjoe_overflow_alcove_2, enter_bailey_6, grunt_ministairs_9
D:9:      nicolae_cairo_tiling_large_dashed, layout_cave_pods,
          lemuel_round_altar, kennysheep_mini, grunt_lair_entry_orc_guard_hut,
          uniq_erolcha, uniq_erica, uniq_maurice, uniq_joseph, uniq_harold
Temple:   grunt_temple_mini_profane
Abyss:2:  base: D:6, spicy_abyss_planar_alliance

Skill      XL: |  1  2  3  4  5  6  7  8  9 10 11 |
---------------+----------------------------------+-----
Unarmed Combat | 1 2 3 4 6 7 9 11 12 13 | 13.5
Fighting       | 2 3 4 5 |  5.0
Shields        | 3 5 7 9 10 | 10.0
Ranged Weapons | |  1.7
Dodging        | |  1.7
Spellcasting   | |  1.0
Hexes          | |  2.4

Action                     |  1- 3 |  4- 6 |  7- 9 | 10-12 || total
---------------------------+-------+-------+-------+-------++-------
  Melee: Unarmed           |   108 |   215 |   423 |   303 ||  1049
         Punch             |       |     5 |    20 |     1 ||    26
   Fire: Sling             |    51 |       |       |       ||    51
  Throw: Throwing net      |       |       |     1 |     2 ||     3
   Cast: Slow              |       |     3 |       |       ||     3
  Evoke: Wand              |       |       |    11 |    22 ||    33
    Use: Scroll            |     1 |     7 |     5 |     7 ||    20
         Potion            |     1 |     2 |     1 |       ||     4
   Stab: Invisible         |       |       |     1 |     1 ||     2
         Paralysed         |       |       |     2 |    18 ||    20
 Armour: Robe              |    21 |       |       |       ||    21
         Leather armour    |    23 |    63 |       |       ||    86
         Scale mail        |       |     5 |   212 |    98 ||   315
  Dodge: Dodged            |   109 |   117 |   212 |    87 ||   525
  Block: Kite shield       |       |       |       |   101 ||   101
